 Dungeon Crawl Stone Soup version 0.31.0-32-g396128a36d (webtiles) character file.

Game seed: 4622508432069625003

7627 community the Fighter (level 10, -2/86 HPs)
             Began as a Minotaur Fighter on Apr 9, 2024.
             Was a Priest of Hepliaklqana.
             Slain by a wraith (4 damage)
             ... on level 10 of the Dungeon.
             The game lasted 00:10:22 (9660 turns).

community the Fighter (Minotaur Fighter)            Turns: 9660, Time: 00:10:23

Health: -2/86      AC: 11    Str: 25    XL:     10   Next: 98%
Magic:  13/13      EV: 15    Int:  5    God:    Hepliaklqana [***...]
Gold:   608        SH:  6    Dex: 10    Spells: 9/9 levels left

rFire   + . .        a - +0 war axe
rCold   + + .        c - +0 buckler
rNeg    . . .        v - +0 ring mail "Busymob" {Rampage rF+ rC+ SInv}
rPois   .            (helmet restricted)
rElec   .            A - +2 cloak
rCorr   .            (no gloves)
SInv    +            s - +0 pair of boots
Will    .....        (no amulet) Stlth
                     C - ring of protection from cold
HPRegen 0.34/turn    h - +5 ring of evasion
MPRegen 0.13/turn

%: rampage
@: mighty, slowed, very slow
A: reduced essence, horns 2, retaliatory headbutt
a: Renounce Religion, Recall Ancestor, Ancestor Identity, Transference


You were on level 10 of the Dungeon.
You worshipped Hepliaklqana.
Hepliaklqana was most pleased with you.
You visited 1 branch of the dungeon, and saw 10 of its levels.

You collected 608 gold pieces.

Inventory:

Hand Weapons
 a - a +0 war axe (weapon)
 w - the +6 rapier of Nyif {freeze, Fly Str+4}
   (You found it on level 6 of the Dungeon)

   Str+4:     It affects your strength (+4).
   Fly:       It grants you flight.
Armour
 c - a +0 buckler (worn)
 s - a +0 pair of boots (worn)
 v - the +0 ring mail "Busymob" (worn) {Rampage rF+ rC+ SInv}
   (You found it on level 2 of the Dungeon)

   rF+:       It protects you from fire.
   rC+:       It protects you from cold.
   SInv:      It lets you see invisible.
   Rampage:   It bestows one free step when moving towards enemies.
 y - +0 swamp dragon scales
 A - a +2 cloak (worn)
Magical Staves
 f - a staff of air
Jewellery
 h - a +5 ring of evasion (right hand)
 j - a ring of fire
 o - a ring of flight
 p - a ring of positive energy
 C - a ring of protection from cold (left hand)
 F - a ring of resist corrosion
Wands
 t - a wand of quicksilver (9)
 u - a wand of mindburst (9)
 J - a wand of iceblast (7)
Scrolls
 b - a scroll of blinking
 e - 6 scrolls of teleportation
 k - 3 scrolls of acquirement {unknown}
 m - a scroll of fear {unknown}
 n - 2 scrolls of silence {unknown}
 r - a scroll of poison {unknown}
 B - a scroll of enchant weapon
 D - a scroll of revelation
 G - a scroll of brand weapon {unknown}
 I - a scroll of immolation {unknown}
Potions
 d - 2 potions of might
 g - 2 potions of heal wounds {unknown}
 i - a potion of lignification {unknown}
 l - 2 potions of mutation
 q - 3 potions of curing
 x - a potion of enlightenment
 z - 3 potions of brilliance {unknown}
 E - a potion of cancellation {unknown}
 H - a potion of haste {unknown}


   Skills:
 * Level 11.5 Fighting
 * Level 11.2 Axes
 + Level 8.7 Armour
 + Level 8.8 Shields
 + Level 5.5 Invocations


You had 9 spell levels left.
You didn't know any spells.
Your spell library contained the following spells:

 Spells                   Type           Power      Damage    Failure   Level
 Call Canine Familiar     Summ           0%         N/A       95%         3
 Sigil of Binding         Hex            0%         N/A       95%         3
 Volatile Blastmotes      Fire/Tloc      0%         2d10      95%         3
 Dimensional Bullseye     Hex/Tloc       0%         N/A       100%        4
 Fulminant Prism          Conj/Alch      0%         3d5       100%        4
 Iskenderun's Mystic Bla  Conj/Tloc      0%         2d3       100%        4
 Bombard                  Conj/Erth      0%         9d1       100%        6
 Conjure Ball Lightning   Conj/Air       0%         3x3d6     100%        6
 Discord                  Hex            0%         N/A       100%        8
 Disjunction              Tloc           0%         N/A       100%        8
 Lehudib's Crystal Spear  Conj/Erth      0%         10d2      100%        8


Dungeon Overview and Level Annotations

Branches:
Dungeon (10/15)            Temple (0/1) D:7             Orc (0/2) D:10
   Lair: D:8-11

Altars:
Elyvilon
Fedhas
Gozag
Hepliaklqana
Vehumet
Wu Jian
Xom
Zin

Annotations:
D:8 2 runed translucent doors


Innate Abilities, Weirdness & Mutations

Your life essence is reduced to manifest your ancestor. (-10% HP)
You have a pair of horns on your head.
You reflexively headbutt those who attack you in melee.


Message History

You are too injured to fight recklessly!
You slash the two-headed ogre!
The two-headed ogre is lightly wounded.
You hit the wraith but do no damage. The wraith hits you but does no damage.
You slash the two-headed ogre!
The two-headed ogre is moderately wounded.
You hit the wraith but do no damage.
The two-headed ogre hits you with a +0 giant spiked club!
The two-headed ogre completely misses you.
The wraith hits you!
* * * LOW HITPOINT WARNING * * *
The wraith drains your vigour!
You feel yourself slow down.
You swap places.
The wraith hits Appia!
The wraith drains Appia's vigour!
Appia seems to slow down.
Something hits Appia!! x2
Appia is destroyed!
Aiming: Quicksilver Bolt
Press: ? - help, Shift-Dir - straight line, f - two-headed ogre
Aim: a two-headed ogre, wielding two +0 giant spiked clubs (moderately wounded, 86% to hit)
The bolt of dispelling energy hits the two-headed ogre!
The two-headed ogre is heavily wounded.
You feel yourself speed up. The two-headed ogre barely misses you.
The two-headed ogre hits you with a +0 giant spiked club!
* * * LOW HITPOINT WARNING * * *
You feel very mighty all of a sudden. The wraith barely misses you.
The two-headed ogre closely misses you. You furiously retaliate!
You headbutt the two-headed ogre!
The two-headed ogre hits you with a +0 giant spiked club.
* * * LOW HITPOINT WARNING * * *
You slash the two-headed ogre!
The two-headed ogre is almost dead.
You hit the wraith. The wraith hits you.
* * * LOW HITPOINT WARNING * * *
The wraith drains your vigour!
You feel yourself slow down.
You feel better.
The two-headed ogre hits you with a +0 giant spiked club.
* * * LOW HITPOINT WARNING * * *
The two-headed ogre closely misses you. The wraith hits you.
You die...

#.#.......#...#.#.#
#.........##.##...#
###################.#....#
............... #.#....#
######.......W...... #.#....#
.....#######'###########.#....#
.....#...................#....#
.....#..........W.....)..#.##.#
.....#..........O@.......#.##.#
.....##################'##....#
......................R.......#
#..#....#################.....#
..............................#
########'########>########....#
#.................#....#
##########################....#
>.............................#


You could see a two-headed ogre and a wraith.

Vanquished Creatures
  Pikel (D:6)
  Maggie (D:7)
  A komodo dragon (D:10)
  An unseen horror (D:10)
  A shadow (D:9)
  A wyvern (D:10)
  17 yaks
  3 steam dragons
  A water moccasin (D:8)
  An orc warrior (D:9)
  A sky beast (D:6)
  A black bear (D:6)
  An ice beast (D:6)
  4 centaurs
  A phantom (D:6)
  A gnoll sergeant (D:9)
  3 bullfrogs
  2 scorpions (D:6)
  A wight (D:6)
  8 killer bees
  2 howler monkeys
  A jelly (D:7)
  4 bombardier beetles
  2 hounds (D:4)
  2 gnoll boudas
  An orc priest (D:10)
  Crazy Yiuf (D:6)
  2 iguanas (D:4)
  A sleepcap (D:5)
  6 orc wizards
  5 adders
  15 gnolls
  A white imp (D:6)
  4 dart slugs
  11 orcs
  4 bats
  4 endoplasms
  10 goblins
  8 hobgoblins
  5 kobolds
  6 quokkas
  6 ball pythons
  4 frilled lizards
156 creatures vanquished.

Vanquished Creatures (collateral kills)
  Joseph (D:7)
  A wyvern (D:10)
  A bullfrog (D:8)
  An orc priest (D:9)
  An orc wizard (D:10)
  An adder (D:6)
  4 orcs
10 creatures vanquished.

Vanquished Creatures (others)
  Maurice (D:9)
  A battlemage (D:10)
  An ancestor (D:6)
3 creatures vanquished.

Grand Total: 169 creatures vanquished

Notes
Turn   | Place    | Note
-------+----------+-------------------------------------------
     0 | D:1      | community the Minotaur Fighter began the quest for the Orb.
     0 | D:1      | Reached XP level 1. HP: 19/19 MP: 0/0
    73 | D:1      | Reached XP level 2. HP: 25/27 MP: 1/1
   578 | D:1      | Reached XP level 3. HP: 29/33 MP: 2/2
  1173 | D:2      | Found a white marble altar of Elyvilon.
  1321 | D:2      | Identified the +0 ring mail "Busymob" {Rampage rF+ rC+
                  | SInv}
  2313 | D:4      | Noticed a bullfrog
  2319 | D:4      | Reached XP level 4. HP: 35/41 MP: 3/3
  2324 | D:4      | Killed a bullfrog
  2325 | D:4      | Reached skill level 5 in Fighting
  2325 | D:4      | Reached XP level 5. HP: 24/48 MP: 4/4
  2417 | D:4      | Found an opulent altar of Gozag.
  2471 | D:4      | You are sucked into a shaft and drop 1 floor!
  2471 | D:5      | Entered Level 5 of the Dungeon
  2815 | D:4      | Reached XP level 6. HP: 48/56 MP: 5/5
  2822 | D:4      | Reached skill level 5 in Axes
  3754 | D:5      | Found an ornate altar of the Wu Jian Council.
  3871 | D:5      | Found a hazy altar of Hepliaklqana.
  3878 | D:5      | Found a radiant altar of Vehumet.
  3880 | D:5      | Became a worshipper of Hepliaklqana the Forgotten
  3910 | D:5      | Got Kinut's Tome of Cleavage
  3994 | D:5      | Reached skill level 5 in Armour
  3994 | D:5      | Reached skill level 5 in Shields
  4145 | D:5      | Reached XP level 7. HP: 51/64 MP: 6/6
  4530 | D:6      | Reached * piety under Hepliaklqana
  4536 | D:6      | Reached skill level 1 in Invocations
  4613 | D:6      | Noticed Pikel
  4627 | D:6      | Killed Pikel
  4628 | D:6      | Reached XP level 8. HP: 63/65 MP: 6/8
  5028 | D:6      | Identified the +6 rapier of Nyif {freeze, Fly Str+4}
  5060 | D:6      | Identified the +0 leather armour of Gehenna {Dex+3}
  5153 | D:6      | Found a runed translucent door.
  5154 | D:6      | Noticed Crazy Yiuf
  5598 | D:6      | Killed Crazy Yiuf
  5665 | D:7      | Noticed Maggie
  5683 | D:7      | Killed Maggie
  5684 | D:7      | Reached XP level 9. HP: 46/73 MP: 10/10
  5893 | D:7      | Noticed Joseph
  5902 | D:7      | Killed Joseph
  6344 | D:7      | Found a staircase to the Ecumenical Temple.
  6557 | D:8      | Reached skill level 10 in Fighting
  6931 | D:8      | Reached ** piety under Hepliaklqana
  6933 | D:8      | Reached XP level 10. HP: 83/83 MP: 12/12
  7040 | D:8      | Found a white marble altar of Elyvilon.
  7251 | D:8      | Reached skill level 10 in Axes
  7493 | D:8      | Found a runed translucent door.
  7676 | D:8      | Found a runed translucent door.
  8126 | D:9      | Found a blossoming altar of Fedhas.
  8334 | D:9      | Found a glowing silver altar of Zin.
  8337 | D:9      | Noticed an angel
  8340 | D:9      | Found a shimmering altar of Xom.
  8348 | D:9      | Reached skill level 5 in Invocations
  8530 | D:9      | Noticed Maurice
  8535 | D:9      | Killed Maurice
  8660 | D:10     | Entered Level 10 of the Dungeon
  8716 | D:10     | Found the +7 Kryia's mail coat {PotionHeal*2 rC+}
  8753 | D:10     | Reached *** piety under Hepliaklqana
  8771 | D:10     | Remembered your ancestor Appia as a battlemage
  8810 | D:10     | Found a staircase to the Orcish Mines.
  9647 | D:10     | Noticed a two-headed ogre
  9658 | D:10     | HP: 4/86 [two-headed ogre/+0 giant spiked club (6)]
  9659 | D:10     | HP: 1/86 [wraith (3)]
  9660 | D:10     | Slain by a wraith

Illustrated notes

Levels and vault maps discovered:
D:1:      ebering_hopf_link, layout_basic, minmay_misc_feat_secret_circle,
          amcnicky_mini_rare_corridor_liquid
D:2:      layout_rooms, basic_altar
D:3:      layout_loops_corners
D:4:      layout_gridville, mainiacjoe_overflow_alcove_4,
          chequers_serial_rivers_small_a
D:5:      layout_gridville, mainiacjoe_overflow_concentric_impassable,
          grunt_temple_overflow_open
D:6:      minmay_clustersquares, layout_loops_ring, lemuel_flame_loot_1,
          uniq_crazy_yiuf_cottage, uniq_pikel
D:7:      layout_rooms, minmay_temple_entry_nine_rooms, uniq_joseph, uniq_maggie
D:8:      cheibrodos_histonic, layout_basic, mainiacjoe_overflow_catwalk,
          serial_corexii_hall, chequers_hall_statues_y, corexii_hall_statues_i
D:9:      layout_stronghold, grunt_temple_overflow_order_and_chaos_1,
          fedhas_altar_2, uniq_maurice
D:10:     layout_stronghold, orc_0_dummy

Skill      XL: |  1  2  3  4  5  6  7  8  9 10 |
---------------+-------------------------------+-----
Fighting       | 4 5 6 7 8 10 11 | 11.5
Axes           | 3 4 5 6 8 9 11 | 11.2
Shields        | 4 5 6 7 8 |  8.8
Armour         | 4 5 6 7 8 |  8.7
Invocations    | 2 3 4 5 |  5.5

Action                     |  1- 3 |  4- 6 |  7- 9 | 10-12 || total
---------------------------+-------+-------+-------+-------++-------
  Melee: War axe           |    87 |    79 |   148 |   128 ||   442
         Headbutt          |    10 |    13 |    24 |    33 ||    80
 Invoke: Ancestor Life: Ba |       |       |       |     1 ||     1
  Evoke: Wand              |       |       |       |     2 ||     2
    Use: Scroll            |     5 |     4 |     1 |     2 ||    12
         Potion            |       |     2 |       |     2 ||     4
   Stab: Distracted        |       |       |     1 |     3 ||     4
 Armour: Scale mail        |    24 |       |       |       ||    24
         Leather armour    |    20 |       |       |       ||    20
         Ring mail         |    13 |    62 |    91 |    77 ||   243
  Dodge: Dodged            |    38 |    58 |   120 |    74 ||   290
  Block: Buckler           |    23 |    24 |    34 |    38 ||   119
